 Dungeon Crawl Stone Soup version 0.30-a0-1043-g60ff8d5f49 (webtiles) character file.

Game seed: 10227050954544364048

84 jimonade the Sneak (level 4, -9/38 HPs)
             Began as a Gnoll Brigand on Apr 10, 2023.
             Killed from afar by an orc wizard (11 damage)
             ... with a puff of flame
             ... on level 3 of the Dungeon.
             The game lasted 00:04:32 (1716 turns).

jimonade the Sneak (Gnoll Brigand)                  Turns: 1716, Time: 00:04:33

Health: -9/38      AC:  9    Str: 10    XL:     4   Next: 45%
Magic:  5/5        EV:  6    Int: 18    God:
Gold:   114        SH:  0    Dex: 14    Spells: 5/5 levels left

rFire   . . .      SeeInvis .    a - +0 dagger (elec)
rCold   . . .      Faith    .    (no shield)
rNeg    . . .      Spirit   .    t - +0 chain mail
rPois   .          Reflect  .    (no helmet)
rElec   .          Rampage  .    c - +0 cloak
rCorr   .                        (no gloves)
Will    .....                    (no boots) Stlth
                                 (no amulet)
HPRegen 0.26/turn                j - +6 ring of intelligence
MPRegen 0.09/turn                (no ring)

@: confused
A: fangs 1, strong nose, distributed training
a: no special abilities


You were on level 3 of the Dungeon.
You visited 1 branch of the dungeon, and saw 3 of its levels.

You collected 135 gold pieces.
You spent 21 gold pieces at shops.

Inventory:

Hand Weapons
 a - a +0 dagger of electrocution (weapon)
 m - a +2 dagger
Missiles
 d - 12 poisoned darts (quivered)
 e - 3 curare-tipped darts
 l - 26 stones
Armour
 b - a +0 robe
 c - a +0 cloak (worn)
 k - a +0 leather armour
 t - a +0 chain mail (worn)
 u - a +0 ring mail
Magical Staves
 q - a staff of fire
Jewellery
 j - a +6 ring of intelligence (left hand)
Scrolls
 f - a scroll of immolation {unknown}
 i - 4 scrolls of identify {unknown}
 o - a scroll of magic mapping {unknown}
 p - 2 scrolls of enchant armour {unknown}
 s - a scroll of summoning {unknown}
Potions
 g - 2 potions of curing {unknown}
 r - a potion of brilliance {unknown}


   Skills:
 + Level 4.6 Fighting
 + Level 4.6 Short Blades
 + Level 1.2 Long Blades
 + Level 1.2 Axes
 + Level 1.2 Maces & Flails
 + Level 1.2 Polearms
 + Level 1.2 Staves
 + Level 1.2 Ranged Weapons
 + Level 4.6 Throwing
 + Level 1.2 Armour
 + Level 2.8 Dodging
 + Level 7.8 Stealth
 + Level 1.2 Shields
 + Level 1.2 Unarmed Combat
 + Level 1.2 Spellcasting
 + Level 1.0 Conjurations
 + Level 1.0 Hexes
 + Level 1.0 Summonings
 + Level 1.0 Necromancy
 + Level 1.0 Translocations
 + Level 1.0 Transmutations
 + Level 1.0 Fire Magic
 + Level 1.0 Ice Magic
 + Level 1.0 Air Magic
 + Level 1.0 Earth Magic
 + Level 1.0 Poison Magic
 + Level 1.3 Invocations
 + Level 1.2 Evocations


You had 5 spell levels left.
You didn't know any spells.
Your spell library was empty.

Dungeon Overview and Level Annotations

Branches:
Dungeon (3/15)

Altars:
Wu Jian

Shops:
D:2 (


Innate Abilities, Weirdness & Mutations

You have very sharp teeth.
Your uncanny sense of smell can sniff out nearby items.
Your experience applies equally to all skills.


Message History

You bump into the rock wall.
The orc wizard hits you but does no damage.
You closely miss the orc wizard. Your bite misses the orc wizard.
The orc wizard is severely wounded.
The orc wizard hits you but does no damage.
Something hits you but does no damage.
You miss the orc wizard.
The orc wizard is severely wounded.
You barely miss the orc wizard.
The orc wizard is severely wounded.
The orc wizard hits you but does no damage.
Something hits you but does no damage.
You miss something.
The orc wizard hits you with a +0 dagger.
* * * LOW HITPOINT WARNING * * *
You hear some strange, mumbled words.
You are more confused.
You hit something.
The orc wizard hits you but does no damage.
Something hits you but does no damage.
You closely miss something.
You bump into the rock wall.
Something hits you but does no damage.
The orc wizard hits you but does no damage.
You hit the orc wizard but do no damage.
Your bite misses the orc wizard.
The orc wizard is severely wounded.
Something hits you but does no damage. The orc wizard casts a spell at you.
The magic dart hits you.
* * * LOW HITPOINT WARNING * * *
You bump into the rock wall.
You hear some strange, mumbled words.
Something tries to affect you, but you resist.
The orc wizard casts a spell.
The orc wizard flickers and vanishes!
You bump into the rock wall.
You hear some strange, mumbled words.
A puff of flame appears from out of thin air!
The puff of flame hits you!
You die...

########............#
#....# #.........{#.#
####.# #..........#.#
#.# #............#
#.# ###########.# #.#
##)..# #.. ####..###
### #{{o.## #@####
#.# #.. #... .....
...... ......#
.......#8


You could see an orc.

Vanquished Creatures
  2 adders (D:2)
  4 orcs (D:3)
  6 ball pythons
  3 bats
  9 endoplasms
  A giant cockroach (D:1)
  8 goblins
  4 hobgoblins
  3 jackals (D:1)
  6 kobolds
  3 quokkas
  A frilled lizard (D:1)
  5 rats
55 creatures vanquished.

Notes
Turn   | Place    | Note
-------+----------+-------------------------------------------
     0 | D:1      | jimonade the Gnoll Brigand began the quest for the Orb.
     0 | D:1      | Reached XP level 1. HP: 20/20 MP: 1/1
   134 | D:1      | Reached XP level 2. HP: 25/26 MP: 2/2
   313 | D:1      | Reached XP level 3. HP: 29/31 MP: 3/3
   393 | D:1      | Found a faded altar of an unknown god.
   570 | D:1      | Reached skill level 1 in Invocations
   925 | D:2      | Found Jiufof's Weapon Shop.
   933 | D:2      | Bought 3 poisoned darts for 21 gold pieces
  1064 | D:2      | Found an ornate altar of the Wu Jian Council.
  1085 | D:2      | Reached skill level 1 in Long Blades
  1085 | D:2      | Reached skill level 1 in Axes
  1085 | D:2      | Reached skill level 1 in Maces & Flails
  1085 | D:2      | Reached skill level 1 in Polearms
  1085 | D:2      | Reached skill level 1 in Staves
  1085 | D:2      | Reached skill level 1 in Ranged Weapons
  1085 | D:2      | Reached skill level 1 in Armour
  1085 | D:2      | Reached skill level 1 in Shields
  1085 | D:2      | Reached skill level 1 in Unarmed Combat
  1085 | D:2      | Reached skill level 1 in Spellcasting
  1085 | D:2      | Reached skill level 1 in Evocations
  1273 | D:2      | Reached XP level 4. HP: 28/38 MP: 5/5
  1658 | D:3      | Reached skill level 1 in Conjurations
  1658 | D:3      | Reached skill level 1 in Hexes
  1658 | D:3      | Reached skill level 1 in Summonings
  1658 | D:3      | Reached skill level 1 in Necromancy
  1658 | D:3      | Reached skill level 1 in Translocations
  1658 | D:3      | Reached skill level 1 in Transmutations
  1658 | D:3      | Reached skill level 1 in Fire Magic
  1658 | D:3      | Reached skill level 1 in Ice Magic
  1658 | D:3      | Reached skill level 1 in Air Magic
  1658 | D:3      | Reached skill level 1 in Earth Magic
  1658 | D:3      | Reached skill level 1 in Poison Magic
  1716 | D:3      | Killed from afar by an orc wizard

Illustrated notes

Levels and vault maps discovered:
D:1:      giann_wishing_wells, layout_loops_ring,
          nicolae_ecumenical_snake_handling
D:2:      layout_basic, serial_shops, shop, basic_altar
D:3:      layout_basic, nicolae_ru_path_of_blood,
          nicolae_overflow_hidden_temple, minmay_misc_feat_x

Skill      XL: |  1  2  3  4 |
---------------+-------------+-----
Invocations    | 1 |  1.3
Long Blades    | 1 |  1.2
Axes           | 1 |  1.2
Maces & Flails | 1 |  1.2
Polearms       | 1 |  1.2
Staves         | 1 |  1.2
Ranged Weapons | 1 |  1.2
Armour         | 1 |  1.2
Shields        | 1 |  1.2
Unarmed Combat | 1 |  1.2
Spellcasting   | 1 |  1.2
Evocations     | 1 |  1.2
Conjurations   | 1 |  1.0
Hexes          | 1 |  1.0
Summonings     | 1 |  1.0
Necromancy     | 1 |  1.0
Translocations | 1 |  1.0
Transmutations | 1 |  1.0
Fire Magic     | 1 |  1.0
Ice Magic      | 1 |  1.0
Air Magic      | 1 |  1.0
Earth Magic    | 1 |  1.0
Poison Magic   | 1 |  1.0
Fighting       | |  4.6
Short Blades   | |  4.6
Throwing       | |  4.6
Dodging        | |  2.8
Stealth        | |  7.8

Action                     |  1- 3 |  4- 6 || total
---------------------------+-------+-------++-------
  Melee: Dagger            |   125 |    66 ||   191
         Bite              |    14 |     5 ||    19
         Punch             |     1 |     1 ||     2
   Stab: Sleeping          |     9 |       ||     9
 Armour: Robe              |    15 |       ||    15
         Leather armour    |    13 |       ||    13
         Chain mail        |       |    59 ||    59
  Dodge: Dodged            |    67 |    15 ||    82

Table legend: (Time is in decaauts)
 A = Elapsed time spent in this place.
 B = Non-inter-level travel time spent in this place.
 C = Inter-level travel time spent in this place.
 D = Time resting spent in this place.
 E = Time spent auto-exploring this place.
 F = Levels seen in this place.
 G = Mean time per level.
                   A        B        C        D        E       F      G
               +--------+--------+--------+--------+--------+-----+--------+
         Total |   1670 |   1589 |     81 |      0 |   1052 |   3 |  556.7 |
       Dungeon |   1670 |   1589 |     81 |      0 |   1052 |   3 |  556.7 |
               +--------+--------+--------+--------+--------+-----+--------+

Top non-repeatable levels by time:
     D:1: 813 daAuts
     D:2: 701 daAuts
     D:3: 155 daAuts
